 Dungeon Sprint DCSS version 0.27.1-33-g824d729ab1 (webtiles) character file.

Game seed: 16492876403630074111

1232 manyhoops the Cleaver (level 8, -3/129 HPs)
             Began as a Minotaur Berserker on Nov 25, 2021.
             Was an Elder of Trog.
             Slain by a demonic crawler (8 damage)
             ... in the Dungeon (Sprint I: "Red Sonja").
             The game lasted 00:02:14 (725 turns).

manyhoops the Cleaver (Minotaur Berserker)           Turns: 725, Time: 00:02:14

Health: -3/129     AC: 11    Str: 25    XL:     8   Next: 24%
Magic:  7/7        EV: 10    Int:  4    God:    Trog [****..]
Gold:   376        SH:  0    Dex:  9    Spells: 7/7 levels left

rFire    . . .     SeeInvis .   a - +0 hand axe
rCold    . . .     Faith    .   (no shield)
rNeg     . . .     Spirit   .   i - +0 chain mail
rPois    .         Reflect  .   (helmet restricted)
rElec    .         Harm     .   (no cloak)
rCorr    .         Rampage  .   (no gloves)
Will     ++...     NoTele   +   (no boots)
Stlth    ..........             (no amulet)
HPRegen  1.31/turn              (no ring)
MPRegen  0.10/turn              (no ring)

@: berserking, strong-willed, regenerating, hasted, very quick
A: horns 2, retaliatory headbutt
a: Renounce Religion, Berserk, Trog's Hand, Brothers in Arms


You were in the Dungeon.
You worshipped Trog.
Trog was greatly pleased with you.
You visited 1 branch You collected 376 gold pieces.

Inventory:

Hand Weapons
 a - a +0 hand axe (weapon)
Armour
 b - a +0 animal skin
 i - a +0 chain mail (worn)
Scrolls
 j - a scroll of torment {unknown}
Potions
 f - 2 potions of magic
 g - a potion of berserk rage


   Skills:
 + Level 13.0 Fighting
 + Level 13.7 Axes
 + Level 8.6 Armour
 + Level 6.7 Dodging


You had 7 spell levels left.
You didn't know any spells.
Your spell library was empty.

Dungeon Overview and Level Annotations

Branches:
Dungeon (1/1)

Altars:
Cheibriados
Dithmenos
Elyvilon
Fedhas
Gozag
Hepliaklqana
Kikubaaqudgha
Makhleb
Nemelex Xobeh
Okawaru
Qazlal
Ru
Sif Muna
Trog
Uskayaw
Vehumet
Wu Jian
Xom
Yredelemnul
Zin
The Shining One
Jiyva
Lugonu

Shops:
D [


Innate Abilities, Weirdness & Mutations

You have a pair of horns on your head.
You reflexively headbutt those who attack you in melee.


Message History

The demonic crawler hits you! The demonic crawler closely misses you.
Unknown command.
You hit the demonic crawler but do no damage.
The demonic crawler is severely wounded.
You hit the demonic crawler but do no damage.
You hit the demonic crawler. The demonic crawler barely misses you.
The demonic crawler closely misses you. The demonic crawler hits you.
Unknown command.
You hit the demonic crawler but do no damage.
You headbutt the demonic crawler.
The demonic crawler is severely wounded.
You hit the demonic crawler.
You hit the demonic crawler but do no damage.
The demonic crawler barely misses you. The demonic crawler hits you.
* * * LOW HITPOINT WARNING * * *
The demonic crawler hits you.
* * * LOW HITPOINT WARNING * * *
The demonic crawler hits you!
* * * LOW HITPOINT WARNING * * *
The demonic crawler barely misses you. The demonic crawler misses you.
You slash the demonic crawler! You headbutt the demonic crawler!
The demonic crawler is almost dead.
You slash the demonic crawler! You hit the demonic crawler.
The demonic crawler hits you.
* * * LOW HITPOINT WARNING * * *
The demonic crawler hits you.
* * * LOW HITPOINT WARNING * * *
The demonic crawler hits you.
* * * LOW HITPOINT WARNING * * *
You slash the demonic crawler!
You kill the demonic crawler!
Trog accepts your kill.
You hit the demonic crawler. x2; The demonic crawler hits you.
* * * LOW HITPOINT WARNING * * *
The demonic crawler hits you!
* * * LOW HITPOINT WARNING * * *
The demonic crawler barely misses you. The demonic crawler closely misses you.
You furiously retaliate!
You headbutt the demonic crawler. The demonic crawler barely misses you.
The demonic crawler hits you!
You die...

###################
#<.#..)..#..s.s#__#
#.@ss.#..').#..'.s'
#.s#####+#####'#__#
#..### #...#.####
#..#__####..##.#
#..#_____##'#_.+
#⌠⌠#_.∩...'..._#
####_..__##_.#'#
#_____###+#.#
####### ###


You could see 3 demonic crawlers.

Vanquished Creatures
  2 kobold demonologists (D)
  A demonic crawler (D)
  A slime creature (D)
  A yak (D)
  Sigmund (D)
  A floating eye (D)
  An ogre (D)
  A jelly (D)
  Ijyb (D)
10 creatures vanquished.

Notes
Turn   | Place    | Note
-------+----------+-------------------------------------------
     0 | D        | manyhoops the Minotaur Berserker began the quest for the
                  | Orb.
     0 | D        | Reached XP level 1. HP: 19/19 MP: 0/0
     1 | D        | Noticed Ijyb
    10 | D        | Killed Ijyb
    11 | D        | Reached skill level 5 in Fighting
    11 | D        | Reached skill level 5 in Axes
    11 | D        | Reached XP level 2. HP: 29/29 MP: 1/1
   164 | D        | Noticed an ogre
   170 | D        | Killed an ogre
   171 | D        | Reached XP level 3. HP: 37/39 MP: 2/2
   171 | D        | Reached XP level 4. HP: 44/47 MP: 3/3
   272 | D        | Noticed Sigmund
   277 | D        | Killed Sigmund
   277 | D        | Reached ** piety under Trog
   278 | D        | Reached skill level 5 in Armour
   278 | D        | Reached skill level 5 in Dodging
   278 | D        | Reached XP level 5. HP: 58/58 MP: 4/4
   347 | D        | Found an ornate altar of the Wu Jian Council.
   347 | D        | Found a shimmering blue altar of Sif Muna.
   349 | D        | Found a radiant altar of Vehumet.
   353 | D        | Reached skill level 10 in Fighting
   353 | D        | Reached skill level 10 in Axes
   353 | D        | Reached XP level 6. HP: 52/66 MP: 5/5
   419 | D        | Found Fiesyir's Antique Armour Emporium.
   419 | D        | Found an ancient bone altar of Kikubaaqudgha.
   419 | D        | Found a hazy altar of Hepliaklqana.
   419 | D        | Found a stormy altar of Qazlal.
   419 | D        | Found a hide-covered altar of Uskayaw.
   419 | D        | Found a blossoming altar of Fedhas.
   419 | D        | Found a bloodstained altar of Trog.
   419 | D        | Found an iron altar of Okawaru.
   419 | D        | Found a basalt altar of Yredelemnul.
   419 | D        | Found a glowing golden altar of the Shining One.
   419 | D        | Found a snail-covered altar of Cheibriados.
   419 | D        | Found a sacrificial altar of Ru.
   419 | D        | Found a glowing silver altar of Zin.
   419 | D        | Found a shadowy altar of Dithmenos.
   419 | D        | Found a white marble altar of Elyvilon.
   419 | D        | Noticed a yak
   430 | D        | Killed a yak
   431 | D        | Found an opulent altar of Gozag.
   432 | D        | Found a sparkling altar of Nemelex Xobeh.
   585 | D        | Found a viscous altar of Jiyva.
   585 | D        | Found a corrupted altar of Lugonu.
   585 | D        | Noticed a slime creature
   593 | D        | Killed a slime creature
   593 | D        | Reached *** piety under Trog
   594 | D        | Reached XP level 7. HP: 75/75 MP: 6/6
   647 | D        | Found a burning altar of Makhleb.
   647 | D        | Found a shimmering altar of Xom.
   662 | D        | Noticed a kobold demonologist
   662 | D        | Noticed a kobold demonologist
   666 | D        | Noticed a neqoxec
   670 | D        | Killed a kobold demonologist
   679 | D        | Killed a kobold demonologist
   679 | D        | Reached **** piety under Trog
   680 | D        | Reached XP level 8. HP: 86/86 MP: 7/7
   687 | D        | Noticed a demonic crawler
   687 | D        | Noticed a demonic crawler
   687 | D        | Noticed a demonic crawler
   687 | D        | Noticed a demonic crawler
   725 | D        | Killed a demonic crawler
   725 | D        | HP: 5/129 [demonic crawler (8)]
   725 | D        | Slain by a demonic crawler

Illustrated notes

Levels and vault maps discovered:
D:        dungeon_sprint_1 [red_sonja_temple_1, red_sonja_temple_small_1]

Skill      XL: |  1  2  3  4  5  6  7 |
---------------+----------------------+-----
Fighting       | 5 7 9 10 11 13 | 13.0
Axes           | 5 7 9 10 12 13 | 13.7
Armour         | 3 4 5 7 8 |  8.6
Dodging        | 3 4 5 6 |  6.7

Action                   |  1- 3 |  4- 6 |  7- 9 || total
-------------------------+-------+-------+-------++-------
Melee: Hand axe          |    13 |    22 |    28 ||    63
       Headbutt          |     1 |     4 |    10 ||    15
Invok: Berserk           |     2 |     3 |     2 ||     7
       Trog's Hand       |       |       |     1 ||     1
  Use: Potion            |       |       |     3 ||     3
       Scroll            |       |       |     1 ||     1
Armor: Chain mail        |       |     4 |    26 ||    30
Dodge: Dodged            |     3 |     3 |    32 ||    38
